 Dungeon Crawl Stone Soup version 0.31-a0-1570-g93c622d222 (webtiles) character file.

Game seed: 14824408211635004746

42 case the Chopper (level 3, -2/46 HPs)
             Began as a Minotaur Berserker on Jan 4, 2024.
             Was a Believer of Trog.
             Slain by a hobgoblin (6 damage)
             ... led by Robin
             ... on level 2 of the Dungeon.
             The game lasted 00:01:00 (675 turns).

case the Chopper (Minotaur Berserker)                Turns: 675, Time: 00:01:01

Health: -2/46      AC:  3    Str: 23    XL:     3   Next: 35%
Magic:  2/2        EV: 11    Int:  4    God:    Trog [**....]
Gold:   60         SH:  0    Dex:  9    Spells: 2/2 levels left

rFire   . . .        a - +0 hand axe
rCold   . . .        (no shield)
rNeg    . . .        i - +0 leather armour
rPois   .            (helmet restricted)
rElec   .            (no cloak)
rCorr   .            (no gloves)
SInv    .            (no boots)
Will    .....        (no amulet) Stlth
                     (no ring)
HPRegen 0.27/turn    (no ring)
MPRegen 0.08/turn

%: no passive effects
@: berserking (expiring), very quick
A: horns 2, retaliatory headbutt
a: Renounce Religion, Berserk, Trog's Hand


You were on level 2 of the Dungeon.
You worshipped Trog.
Trog was pleased with you.
You visited 1 branch of the dungeon, and saw 2 of its levels.

You collected 60 gold pieces.

Inventory:

Hand Weapons
 a - a +0 hand axe (weapon)
Armour
 b - a +0 animal skin
 i - a +0 leather armour (worn)
 k - a +0 pair of boots
Jewellery
 h - an amulet of regeneration
Scrolls
 c - a scroll of immolation {unknown}
 e - 3 scrolls of identify {unknown}
 f - a scroll of blinking {unknown}
 j - a scroll of teleportation {unknown}
Potions
 d - 2 potions of attraction {unknown}
 g - a potion of mutation {unknown}


   Skills:
 - Level 3.6 Fighting
 * Level 5.4 Axes
 - Level 2.4 Armour
 - Level 2.1 Dodging


You had 2 spell levels left.
You didn't know any spells.
Your spell library was empty.

Dungeon Overview and Level Annotations

Branches:
Dungeon (2/15)

Altars:


Innate Abilities, Weirdness & Mutations

You have a pair of horns on your head.
You reflexively headbutt those who attack you in melee.


Message History

The goblin unwields a +0 club.
The goblin wields a +0 sling.
The goblin shoots a sling bullet.
The sling bullet hits you.
You have reached level 3!
Your experience leads to an increase in your attributes!
Increase (S)trength, (I)ntelligence, or (D)exterity?
You feel stronger. x2
You closely miss the hobgoblin. Your punch misses the hobgoblin.
You slash the goblin!
You kill the goblin!
Trog accepts your kill.
You slash the goblin!
You kill the goblin!
Trog accepts your kill.
Robin zaps a wand.
The puff of flame hits you!
The goblin shoots a sling bullet.
The sling bullet hits you.
Things that are here:
a +0 dagger; a +0 club; a goblin corpse You completely miss Robin.
You barely miss the hobgoblin. The hobgoblin hits you.
Robin zaps a wand.
The puff of flame misses you.
The goblin shoots a sling bullet.
The sling bullet hits you.
You barely miss Robin. You barely miss the hobgoblin. The hobgoblin hits you.
* * * LOW HITPOINT WARNING * * *
Robin zaps a wand.
The puff of flame hits you.
* * * LOW HITPOINT WARNING * * *
You barely miss Robin. You headbutt Robin!
Robin is severely wounded.
You hit the hobgoblin.
The goblin shoots a sling bullet.
The sling bullet hits you.
* * * LOW HITPOINT WARNING * * *
You slash Robin!
You kill Robin!
Trog accepts your kill.
You can now call upon Trog for regeneration and willpower.
You completely miss the hobgoblin. The hobgoblin misses you.
The goblin shoots a sling bullet.
The sling bullet hits you but does no damage.
You barely miss the hobgoblin.
The hobgoblin is severely wounded.
The hobgoblin hits you.
You die...

###########
..........#
..........#
..........##
......g....#
.......)g..###
......)@.)...###
#######))......#
######......#.#
#...........#
#...........#.
#.............
#...........###
#.......^...#
#.....†.....#


You could see a hobgoblin (strong) and a goblin (strong).

Vanquished Creatures
  Robin (D:2)
  5 ball pythons (D:1)
  4 endoplasms (D:1)
  13 goblins
  A hobgoblin (D:2)
  A frilled lizard (D:2)
  2 rats (D:1)
27 creatures vanquished.

Notes
Turn   | Place    | Note
-------+----------+-------------------------------------------
     0 | D:1      | case the Minotaur Berserker began the quest for the Orb.
     0 | D:1      | Reached XP level 1. HP: 19/19 MP: 0/0
    53 | D:1      | Reached skill level 4 in Axes
   104 | D:1      | Reached XP level 2. HP: 22/26 MP: 1/1
   661 | D:2      | Noticed Robin
   666 | D:2      | Reached skill level 5 in Axes
   669 | D:2      | Reached XP level 3. HP: 31/31 MP: 2/2
   674 | D:2      | Killed Robin
   674 | D:2      | Reached ** piety under Trog
   675 | D:2      | Slain by a hobgoblin

Illustrated notes

Levels and vault maps discovered:
D:1:      saegor_arrival_under_anarchy, layout_rooms, kennysheep_crisscross
D:2:      layout_basic, basic_altar, nrook_loot_triangle, uniq_terence,
          uniq_robin

Skill      XL: |  1  2 |
---------------+-------+-----
Axes           | 4 5 |  5.4
Fighting       | |  3.6
Armour         | |  2.4
Dodging        | |  2.1

Action                     || total
---------------------------++-------
  Melee: Hand axe          ||    46
         Headbutt          ||     3
 Invoke: Berserk           ||     1
 Armour: Animal skin       ||    18
         Leather armour    ||    17
  Dodge: Dodged            ||    14

Table legend: (Time is in decaauts)
 A = Elapsed time spent in this place.
 B = Non-inter-level travel time spent in this place.
 C = Inter-level travel time spent in this place.
 D = Time resting spent in this place.
 E = Time spent auto-exploring this place.
 F = Levels seen in this place.
 G = Mean time per level.
                   A        B        C        D        E       F      G
               +--------+--------+--------+--------+--------+-----+--------+
         Total |    676 |    669 |      7 |      0 |    529 |   2 |  338.0 |
       Dungeon |    676 |    669 |      7 |      0 |    529 |   2 |  338.0 |
               +--------+--------+--------+--------+--------+-----+--------+

Top non-repeatable levels by time:
     D:1: 537 daAuts
     D:2: 139 daAuts
